 Dungeon Crawl Stone Soup version 0.31-a0-981-geadf994542 (webtiles) character file.

Game seed: 10725840734639180169

31 wildpjah the Trooper (level 3, -1/29 HPs)
             Began as a Demonspawn Monk on Oct 26, 2023.
             Slain by Sigmund
             ... wielding a +0 scythe
              (11 damage)
             ... on level 2 of the Dungeon on Oct 31, 2023.
             The game lasted 00:02:29 (755 turns).

wildpjah the Trooper (Demonspawn Monk)               Turns: 755, Time: 00:02:30

Health: -1/29      AC:  2    Str: 11    XL:     3   Next: 7%
Magic:  3/3        EV: 13    Int: 11    God:
Gold:   25         SH:  0    Dex: 17    Spells: 2/2 levels left

rFire   . . .        a - +0 falchion
rCold   . . .        d - orb {light}
rNeg    . . .        b - +0 robe
rPois   .            (no helmet)
rElec   .            (no cloak)
rCorr   .            (no gloves)
SInv    .            (no boots)
Will    .....        (no amulet)
Stlth   +            (no ring)
HPRegen 0.24/turn    (no ring)
MPRegen 0.08/turn

%: no passive effects
@: confused, glowing
A: foul stench 1
a: no special abilities


You were on level 2 of the Dungeon.
You visited 1 branch of the dungeon, and saw 2 of its levels.

You collected 25 gold pieces.

Inventory:

Hand Weapons
 a - a +0 falchion (weapon)
Missiles
 i - 2 atropa-tipped darts (quivered)
Armour
 b - a +0 robe (worn)
 d - an orb of light (worn)
Scrolls
 e - 3 scrolls of identify {unknown}
 f - a scroll of noise {unknown}
 g - 3 scrolls of teleportation {unknown}
 h - 2 scrolls of enchant weapon {unknown}
 j - a scroll of amnesia {unknown}
Potions
 c - a potion of ambrosia
 k - a potion of degeneration {unknown}


   Skills:
 * Level 3.4 Fighting
 + Level 3.1 Long Blades
 * Level 3.2 Dodging


You had 2 spell levels left.
You didn't know any spells.
Your spell library contained the following spells:

 Spells                   Type           Power      Damage    Failure   Level
 Apportation              Tloc           0%         N/A       34%         1
 Necrotise                Necr           0%         1d4       34%         1
 Summon Small Mammal      Summ           0%         N/A       34%         1


Dungeon Overview and Level Annotations

Branches:
Dungeon (2/15)

Altars:

Annotations:
D:2 Sigmund


Innate Abilities, Weirdness & Mutations

You may rarely emit foul miasma when damaged in melee.


Message History

Sigmund is moderately wounded.
Sigmund barely misses you. Sigmund gestures at you while chanting.
The puff of flame hits you! Sigmund gestures at you while chanting.
The puff of flame hits you! Sigmund hits you with a +0 scythe.
There is an open door here.
You bump into the rock wall.
You feel less confused.
Throw: 4 darts (atropa)
Press: ? - help, Q - select action Shift-Dir - straight line, f/p - Sigmund
Aim: Sigmund, wielding a +0 scythe and wearing a +0 robe (moderately wounded, haloed, 73% to hit, chance to blind on hit: 75%)
You throw an atropa-tipped dart.
The atropa-tipped dart barely misses Sigmund.
Sigmund points at you and mumbles some strange words.
The puff of flame hits you.
* * * LOW HITPOINT WARNING * * *
Throw: 3 darts (atropa)
Press: ? - help, Q - select action Shift-Dir - straight line, f/p - Sigmund
Aim: Sigmund, wielding a +0 scythe and wearing a +0 robe (moderately wounded, haloed, 73% to hit, chance to blind on hit: 75%)
You throw an atropa-tipped dart. The atropa-tipped dart hits Sigmund.
Sigmund appears confused.
Sigmund is moderately wounded.
Sigmund seems less confused.
Sigmund casts a spell at you.
You are confused.
You hit Sigmund but do no damage.
Sigmund is moderately wounded.
Sigmund closely misses you.
You bump into the rock wall.
Sigmund completely misses you.
Sigmund is no longer blind.
Sigmund gestures at you while chanting. You resist with significant effort.
There is an open door here.
You barely miss Sigmund.
Sigmund is moderately wounded.
Sigmund hits you with a +0 scythe!
You die...
Sigmund begins carving another notch in his scythe.

## ... #.###############
#.......#.......#
#.......#.......#####
#.......#...........#####
##(.....@@...........)....
.........#######†..(.#####
..........................
.........#######.....#####
##.......# #.....#
#####.... #.....# ###
#..... .......+ ... #.....
........# ### #......
......### #


You could see Sigmund.

Vanquished Creatures
  An adder (D:2)
  A worm (D:2)
  A dart slug (D:1)
  A bat (D:1)
  3 endoplasms
  A goblin (D:2)
  5 hobgoblins
  A kobold (D:2)
  2 rats (D:1)
16 creatures vanquished.

Notes
Turn   | Place    | Note
-------+----------+-------------------------------------------
     0 | D:1      | wildpjah the Demonspawn Monk began the quest for the Orb.
     0 | D:1      | Reached XP level 1. HP: 18/18 MP: 1/1
   168 | D:1      | Gained mutation: You may rarely emit foul miasma when
                  | damaged in melee. [demonic ancestry]
   168 | D:1      | Reached XP level 2. HP: 23/24 MP: 2/2
   682 | D:2      | Reached XP level 3. HP: 18/29 MP: 3/3
   682 | D:2      | Upgraded the game from 0.31-a0-965-g8a8ce12e04 to
                  | 0.31-a0-981-geadf994542
   735 | D:2      | Noticed Sigmund
   755 | D:2      | Slain by Sigmund

Illustrated notes

Levels and vault maps discovered:
D:1:      amcnicky_arrival_single_pillar, layout_rooms, kennysheep_another_room
D:2:      layout_basic, grunt_decor_junction, uniq_sigmund,
          uniq_crazy_yiuf_cottage

Skill      XL: |  1  2 |
---------------+-------+-----
Dodging        | 3 |  3.2
Long Blades    | 3 |  3.1
Fighting       | |  3.4

Action                     || total
---------------------------++-------
  Melee: Falchion          ||    52
  Throw: Dart              ||     3
 Armour: Robe              ||    34
  Dodge: Dodged            ||    32

Table legend: (Time is in decaauts)
 A = Elapsed time spent in this place.
 B = Non-inter-level travel time spent in this place.
 C = Inter-level travel time spent in this place.
 D = Time resting spent in this place.
 E = Time spent auto-exploring this place.
 F = Levels seen in this place.
 G = Mean time per level.
                   A        B        C        D        E       F      G
               +--------+--------+--------+--------+--------+-----+--------+
         Total |    762 |    726 |     36 |      0 |    582 |   2 |  381.0 |
       Dungeon |    762 |    726 |     36 |      0 |    582 |   2 |  381.0 |
               +--------+--------+--------+--------+--------+-----+--------+

Top non-repeatable levels by time:
     D:1: 570 daAuts
     D:2: 191 daAuts
